 Dungeon Crawl Stone Soup version 0.32-a0-473-gd044c6f0f0 (webtiles) character file.

Game seed: 15148808763560863642

5436 superflimsy the Carver (level 10, -2/84 (85) HPs)
             Began as a Coglin Monk on Feb 25, 2024.
             Was a Believer of Wu Jian.
             Slain by a hornet (6 damage)
             ... on level 8 of the Dungeon.
             The game lasted 00:09:47 (7932 turns).

superflimsy the Carver (Coglin Monk)                Turns: 7932, Time: 00:09:48

HP:   -2/84 (85)    AC:  9    Str: 12    XL:     10   Next: 68%
MP:   10/10         EV: 12    Int: 10    God:    Wu Jian [**....]
Gold: 527           SH:  0    Dex: 20    Spells: 9/9 levels left

rFire   . . .        A - +0 scimitar {Luis}
rCold   . . .        t - +0 long sword {Natsumi}
rNeg    . . .        a - +0 acid dragon scales
rPois   .            b - +0 helmet {SInv}
rElec   .            C - +0 cloak {rCorr}
rCorr   +            m - +0 pair of gloves
SInv    +            (no boots)
Will    .....        (no amulet)
Stlth   +            (ring unavailable)
HPRegen 0.34/turn    (ring unavailable)
MPRegen 0.12/turn

%: no passive effects
@: slowed, lightly drained, revving, very slow
A: off-hand wielding, slow wielding, warmup strikes, no rings
a: Renounce Religion, Wall Jump


You were on level 8 of the Dungeon.
You worshipped Wu Jian.
Wu Jian was pleased with you.
You visited 2 branches of the dungeon, and saw 9 of its levels.

You collected 527 gold pieces.

Inventory:

Hand Weapons
 t - a +0 long sword (offhand) {Natsumi}
 A - a +0 scimitar (weapon) {Luis}
Missiles
 l - a throwing net (quivered)
Armour
 a - +0 acid dragon scales (worn)
 b - a +0 helmet of see invisible (worn)
 m - a +0 pair of gloves (worn)
 y - a +2 leather armour of fire resistance
 C - a +0 cloak of preservation (worn)
Wands
 x - a wand of light (16)
 z - a wand of mindburst (20)
Scrolls
 f - 4 scrolls of teleportation
 g - 2 scrolls of revelation {unknown}
 h - a scroll of identify
 j - 3 scrolls of amnesia {unknown}
 k - 2 scrolls of enchant weapon
 n - 2 scrolls of fog
 r - a scroll of immolation
 s - a scroll of silence
 v - a scroll of noise
Potions
 c - a potion of ambrosia
 d - 2 potions of heal wounds {unknown}
 e - 2 potions of curing
 i - a potion of mutation {unknown}
 o - 2 potions of invisibility {unknown}
 p - 3 potions of degeneration {unknown}
 q - a potion of cancellation
 u - 2 potions of brilliance
 w - 2 potions of resistance {unknown}
 B - a potion of lignification {unknown}


   Skills:
 - Level 10.0 Fighting
 + Level 12.7 Long Blades
 - Level 2.6 Dodging


You had 9 spell levels left.
You didn't know any spells.
Your spell library contained the following spells:

 Spells                   Type           Power      Damage    Failure   Level
 Apportation              Tloc           0%         N/A       50%         1
 Freeze                   Ice            0%         1d3       50%         1
 Necrotise                Necr           0%         1d4       50%         1
 Sting                    Conj/Alch      0%         1d3       50%         1
 Summon Small Mammal      Summ           0%         N/A       50%         1
 Jinxbite                 Hex            0%         N/A       65%         2
 Call Canine Familiar     Summ           0%         N/A       86%         3
 Frozen Ramparts          Ice            0%         1d1       86%         3
 Hailstorm                Conj/Ice       0%         3d5       86%         3
 Summon Blazeheart Golem  Fire/Summ      0%         N/A       99%         4
 Yara's Violent Unravell  Hex/Alch       0%         3d3       100%        5
 Enfeeble                 Hex            0%         N/A       100%        7
 Chain Lightning          Conj/Air       0%         N/A       100%        9
 Fire Storm               Conj/Fire      0%         5d1       100%        9
 Shatter                  Erth           0%         3d5*      100%        9


Dungeon Overview and Level Annotations

Branches:
Dungeon (8/15)             Temple (1/1) D:7
   Lair: D:8-11

Altars:
Ashenzari
Cheibriados
Dithmenos
Elyvilon
Fedhas
Gozag
Hepliaklqana
Kikubaaqudgha
Makhleb
Nemelex Xobeh
Okawaru
Qazlal
Ru
Sif Muna
Trog
Uskayaw
Vehumet
Wu Jian
Xom
Yredelemnul
Zin
The Shining One

Annotations:
D:8 3 runed translucent doors


Innate Abilities, Weirdness & Mutations

You can wield a second weapon in your off-hand.
It takes a long time for you to wield or remove held weapons.
Your first few attacks do less damage.
Your grasper-arms cannot wear rings.


Message History

The hornet is heavily wounded.
You closely miss the hornet with your +0 long sword.
You feel very sick. The hornet barely misses you.
Unknown command.
You hit the hornet with your +0 scimitar.
The hornet is severely wounded.
You hit the hornet with your +0 long sword.
You feel very sick. The hornet stings you!
You are more poisoned.
You suddenly lose the ability to move!
The hornet stings you but does no damage.
You feel very sick. The hornet stings you!
* * * LOW HITPOINT WARNING * * *
You are lethally poisoned!
You feel as though you will be slow longer.
You can move again.
Unknown command.
Unknown command.
It was a potion of curing.
You feel better. The hornet stings you!
* * * LOW HITPOINT WARNING * * *
You feel as though you will be slow longer.
The hornet barely misses you. The hornet stings you!
* * * LOW HITPOINT WARNING * * *
You are lethally poisoned!
You feel as though you will be slow longer.
You feel better. The hornet stings you.
* * * LOW HITPOINT WARNING * * *
You feel as though you will be slow longer.
The hornet stings you.
* * * LOW HITPOINT WARNING * * *
You shrug off the repeated paralysis!
Okay, then.
You hit the hornet but do no damage.
The hornet is severely wounded.
You barely miss the hornet with your +0 scimitar.
The hornet barely misses you. The hornet stings you.
You die...

#.#...#....#
..##
#.#...+...##
.# .
#.#.#.+...# .
#..#..+...# .
#.###.#...#
#..#..#Z...#
#.#.#.##....#
#......###...
#.#@#....#
#:..y......
#.......=..
#.#.....###
#...##..#
...## ..# ##
# .# .#


You could see a hornet and a centaur simulacrum.

Vanquished Creatures
  Prince Ribbit (D:6)
  Sigmund (D:5)
  A vampire (D:7)
  A wyvern (D:6)
  11 yaks (D:7)
  Edmund (D:6)
  A water moccasin (D:5)
  An acid dragon (D:5)
  Duvessa (D:7)
  An orc warrior (D:8)
  5 ogres
  4 kobold brigands
  2 phantoms (D:5)
  Blork the orc (D:5)
  2 bullfrogs (D:7)
  A scorpion (D:5)
  4 wights (D:8)
  Dowan (D:7)
  A jelly (D:5)
  2 orc priests (D:6)
  2 bombardier beetles
  3 gnoll boudas
  5 hounds
  A sleepcap (D:5)
  Crazy Yiuf (D:5)
  Ijyb (D:3)
  Natasha (thrice) (D:3)
  Terence (D:3)
  6 iguanas
  5 orc wizards
  Robin (D:3)
  24 gnolls
  7 adders
  2 shadow imps
  A white imp (D:7)
  2 ufetubi (D:5)
  2 dart slugs
  18 orcs
  8 ball pythons
  4 bats
  5 endoplasms
  A giant cockroach (D:2)
  9 hobgoblins
  11 jackals
  27 kobolds
  A quokka (D:5)
  3 frilled lizards
  12 goblins
  3 rats
212 creatures vanquished.

Notes
Turn   | Place    | Note
-------+----------+-------------------------------------------
     0 | D:1      | superflimsy the Coglin Monk began the quest for the Orb.
     0 | D:1      | Reached XP level 1. HP: 18/18 MP: 1/1
    66 | D:1      | Reached XP level 2. HP: 21/24 MP: 2/2
   303 | D:1      | Reached skill level 4 in Long Blades
   339 | D:1      | Reached XP level 3. HP: 29/29 MP: 3/3
  1309 | D:2      | You fall into a shaft and drop 2 floors!
  1339 | D:4      | Reached XP level 4. HP: 18/35 MP: 4/4
  1341 | D:4      | Reached skill level 5 in Long Blades
  1791 | D:3      | Noticed Robin
  1806 | D:3      | Killed Robin
  1839 | D:3      | Noticed Ijyb
  1850 | D:3      | Killed Ijyb
  1851 | D:3      | Reached XP level 5. HP: 37/41 MP: 5/5
  2163 | D:3      | Reached skill level 6 in Long Blades
  2287 | D:3      | Noticed Natasha
  2287 | D:3      | Noticed Terence
  2346 | D:3      | Reached XP level 6. HP: 16/47 MP: 6/6
  2486 | D:3      | Reached skill level 7 in Long Blades
  2557 | D:3      | Killed Natasha
  2690 | D:3      | Noticed Natasha
  2694 | D:3      | Killed Terence
  2699 | D:3      | Reached XP level 7. HP: 44/52 MP: 7/7
  2703 | D:3      | Killed Natasha
  2712 | D:3      | Noticed Natasha
  2717 | D:3      | Killed Natasha
  3128 | D:4      | Reached skill level 8 in Long Blades
  3200 | D:4      | Identified the ring "Wetumo" {Ice rElec SInv}
  3780 | D:5      | Entered Level 5 of the Dungeon
  3796 | D:5      | Found a broken altar of Ashenzari.
  3799 | D:5      | Found a hazy altar of Hepliaklqana.
  3970 | D:5      | Reached XP level 8. HP: 52/61 MP: 8/8
  4020 | D:5      | Found an ancient bone altar of Kikubaaqudgha.
  4030 | D:5      | Reached skill level 5 in Fighting
  4173 | D:5      | Reached skill level 9 in Long Blades
  4485 | D:5      | Noticed Blork the orc
  4486 | D:5      | Noticed Sigmund
  4500 | D:5      | Killed Blork the orc
  4506 | D:5      | Killed Sigmund
  4922 | D:5      | Reached XP level 9. HP: 68/71 MP: 9/9
  4926 | D:5      | Reached skill level 10 in Long Blades
  5160 | D:5      | Found a runed translucent door.
  5161 | D:5      | Noticed Crazy Yiuf
  5167 | D:5      | Killed Crazy Yiuf
  5317 | D:6      | Noticed Edmund
  5321 | D:6      | Noticed Prince Ribbit
  5326 | D:6      | Killed Edmund
  5438 | D:6      | Killed Prince Ribbit
  6057 | D:6      | Reached skill level 11 in Long Blades
  6250 | D:7      | Noticed Duvessa
  6252 | D:7      | Noticed Dowan
  6535 | D:7      | Killed Duvessa
  6612 | D:7      | Killed Dowan
  6653 | D:7      | HP: 3/72 [vampire/+0 club (9)]
  6657 | D:7      | Found a staircase to the Ecumenical Temple.
  6666 | Temple   | Entered the Ecumenical Temple
  6887 | Temple   | Became a worshipper of the Wu Jian Council
  6887 | Temple   | Reached * piety under Wu Jian
  6887 | Temple   | Reached ** piety under Wu Jian
  7091 | D:7      | Reached XP level 10. HP: 21/83 MP: 10/10
  7332 | D:7      | Reached skill level 12 in Long Blades
  7410 | D:7      | Reached skill level 10 in Fighting
  7904 | D:8      | Found a runed translucent gate.
  7904 | D:8      | Found a runed translucent gate.
  7904 | D:8      | Found a runed translucent gate.
  7924 | D:8      | Paralysed by a hornet for 2 turns
  7928 | D:8      | Paralysed by a hornet for 2 turns
  7930 | D:8      | HP: 2/84 [hornet (8)]
  7932 | D:8      | Slain by a hornet

Illustrated notes

Levels and vault maps discovered:
D:1:      shiori_arrival_oz, layout_basic, minmay_tromino_v4_a
D:2:      layout_loops_ring, kennysheep_generic_room_15
D:3:      layout_basic, uniq_ijyb, uniq_robin, uniq_terence, uniq_natasha
D:4:      layout_basic, minmay_gold_behind_fungi
D:5:      cheibrodos_barr_body, layout_loops_ring, grunt_temple_overflow_open,
          kiku_gazebo_garden_becter, mrwooster_statue_mirror,
          hangedman_decor_growths, kennysheep_generic_room_8,
          uniq_blork_the_orc, uniq_sigmund, uniq_crazy_yiuf_cottage
D:6:      layout_rooms, serial_glass, glass_columns_a, glass_columns_a,
          feat_on_display, uniq_edmund, uniq_prince_ribbit1
D:7:      layout_cave_pools, minmay_temple_entry_junction_2, uniq_duvessa
D:8:      minmay_the_grid_triangle_9x9_rhombus_full
          [minmay_the_grid_triangle_9x9_thin_v,
          minmay_the_grid_triangle_9x9_checkered,
          minmay_the_grid_triangle_9x9_stretched_checkered,
          minmay_the_grid_triangle_9x9_zippers_horizontal,
          minmay_the_grid_triangle_9x9_empty,
          minmay_the_grid_triangle_9x9_warning,
          minmay_the_grid_triangle_9x9_skeleton,
          minmay_the_grid_triangle_9x9_prize_top_heavy], layout_loops_ring,
          gammafunk_ghost_icy
Temple:   compressed_dpeg_triangle_lava_temple

Skill      XL: |  1  2  3  4  5  6  7  8  9 10 |
---------------+-------------------------------+-----
Long Blades    | 4 5 6 7 8 9 11 12 | 12.7
Fighting       | 4 6 9 10 | 10.0
Dodging        | |  2.6

Action                     |  1- 3 |  4- 6 |  7- 9 | 10-12 || total
---------------------------+-------+-------+-------+-------++-------
  Melee: Falchion          |    96 |    93 |   107 |       ||   296
         Long sword        |       |    98 |   287 |    78 ||   463
         Scimitar          |       |       |   193 |    84 ||   277
Ability: Lunge             |       |       |       |     9 ||     9
    Use: Scroll            |       |       |     9 |       ||     9
         Potion            |       |       |     1 |     2 ||     3
   Stab: Sleeping          |       |       |     1 |       ||     1
 Armour: Robe              |    25 |       |       |       ||    25
         Ring mail         |    26 |    62 |       |       ||    88
         Leather armour    |       |    23 |    73 |       ||    96
         Acid dragon scale |       |       |   141 |    47 ||   188
  Dodge: Dodged            |    86 |    58 |   167 |    37 ||   348

Table legend: (Time is in decaauts)
 A = Elapsed time spent in this place.
 B = Non-inter-level travel time spent in this place.
 C = Inter-level travel time spent in this place.
 D = Time resting spent in this place.
 E = Time spent auto-exploring this place.
 F = Levels seen in this place.
 G = Mean time per level.
                   A        B        C        D        E       F      G
               +--------+--------+--------+--------+--------+-----+--------+
         Total |   7902 |   7288 |    614 |      0 |   5769 |   9 |  878.0 |
       Dungeon |   7667 |   7065 |    602 |      0 |   5565 |   8 |  958.4 |
        Temple |    234 |    222 |     12 |      0 |    204 |   1 |  234.0 |
               +--------+--------+--------+--------+--------+-----+--------+

Top non-repeatable levels by time:
     D:5: 1514 daAuts
     D:6: 1238 daAuts
     D:3: 1185 daAuts
     D:4: 945 daAuts
     D:2: 838 daAuts
     D:1: 826 daAuts
     D:7: 736 daAuts
     D:8: 383 daAuts
  Temple: 234 daAuts
